 Dungeon Crawl Stone Soup version 0.27.1-33-g824d729ab1 (webtiles) character file.

Game seed: 11806194379585524019

16 lonewolfV2 the Cudgeller (level 2, -23/27 HPs)
             Began as a Minotaur Monk on Dec 15, 2021.
             Engulfed by a cloud of flame (25 damage)
             ... on level 1 of the Dungeon.
             The game lasted 00:01:21 (828 turns).

lonewolfV2 the Cudgeller (Minotaur Monk)             Turns: 828, Time: 00:01:24

Health: -23/27     AC:  2    Str: 15    XL:     2   Next: 37%
Magic:  10/10      EV: 13    Int:  7    God:
Gold:   62         SH:  0    Dex: 12    Spells: 1/1 levels left

rFire    . . .     SeeInvis .   a - +0 mace
rCold    . . .     Faith    .   (no shield)
rNeg     . . .     Spirit   .   b - +0 robe
rPois    .         Reflect  .   (helmet restricted)
rElec    .         Harm     .   (no cloak)
rCorr    .         Rampage  .   (no gloves)
Will     .....                  (no boots)
Stlth    ++........             (no amulet)
HPRegen  0.09/turn              f - ring of magical power
MPRegen  0.12/turn              (no ring)

@: no status effects
A: horns 2, retaliatory headbutt
a: no special abilities


You were on level 1 of the Dungeon.
You visited 1 branch of the dungeon, and saw 1 of its levels.

You collected 62 gold pieces.

Inventory:

Hand Weapons
 a - a +0 mace (weapon)
Armour
 b - a +0 robe (worn)
Jewellery
 f - a ring of magical power (left hand)
Potions
 c - a potion of flight {unknown}
 d - a potion of degeneration {unknown}


   Skills:
 + Level 3.9 Fighting
 + Level 4.0 Maces & Flails
 + Level 3.5 Dodging
 + Level 1.7 Stealth


You had one spell level left.
You didn't know any spells.
Your spell library contained the following spells:

 Spells                   Type           Power      Damage    Failure   Level
 Sting                    Tmut/Pois      0%         1d3       43%         1
 Poisonous Vapours        Pois/Air       0%         N/A       56%         2
 Olgreb's Toxic Radiance  Pois           0%         N/A       99%         4


Dungeon Overview and Level Annotations

Branches:
Dungeon (1/15)

Altars:


Innate Abilities, Weirdness & Mutations

You have a pair of horns on your head.
You reflexively headbutt those who attack you in melee.


Message History

You sock the endoplasm!
You kill the endoplasm!
Key pressed, stopping explore.
You enter the shallow water.
Moving in this stuff is going to be slow.
A ball python comes into view.
Why would you want to do that? Why would you want to do that?
The ball python hisses angrily.
Found a stone staircase leading down.
The ball python closely misses you. x2
You hit the ball python.
You kill the ball python!
Your Maces & Flails skill increases to level 4!
You see here a ball python corpse.
You enter the shallow water.
Moving in this stuff is going to be slow.
You enter the shallow water.
Moving in this stuff is going to be slow.
Found 7 gold pieces.
A goblin comes into view. It is wielding a +0 club.
The goblin shouts!
Found a stone staircase leading down.
You hit the goblin.
You kill the goblin!
You see here a +0 club.
You now have 62 gold pieces (gained 7).
A rat comes into view.
As you read the scroll labelled ZEX XIJI DAI, it crumbles to dust.
The creatures around you are filled with an inner flame!
It was a scroll of immolation.
The rat barely misses you.
You barely miss the rat. The rat barely misses you.
You hit the rat.
Flame seeps out of the rat.
You headbutt the rat.
The rat explodes!
The fiery explosion engulfs you!!
Ouch! That really hurt!
* * * LOW HITPOINT WARNING * * *
You are engulfed in blazing flames.
Ouch! That really hurt!
You die...

...# .##.. #...#######
#.##.. #.......## #.##..
####.....##### #.##..
##.##......####.###.
#..####....).##.#∩.. .
#.## ####>#........ #.#
.##.###.########.###......
#.# .##......@○...##.#
#...8.. #.#
#.#####..#####.##..
##..... #.# ##..# ##.##
##. #.#... #.# #..####...#
##.#..8.. #.###.###...##
##.#..... #.##†)##..##
.......#... #.##.#.....#
####....... #......###.#
.......... #....### #.#
##........


There were no monsters in sight!

Vanquished Creatures
  2 ball pythons (D:1)
  3 bats (D:1)
  3 endoplasms (D:1)
  2 goblins (D:1)
  A quokka (D:1)
  A kobold (D:1)
  4 rats (D:1)
16 creatures vanquished.

Notes
Turn   | Place    | Note
-------+----------+-------------------------------------------
     0 | D:1      | lonewolfV2 the Minotaur Monk began the quest for the Orb.
     0 | D:1      | Reached XP level 1. HP: 19/19 MP: 0/0
   337 | D:1      | Found a faded altar of an unknown god.
   340 | D:1      | Reached XP level 2. HP: 16/27 MP: 1/1
   752 | D:1      | Reached skill level 4 in Maces & Flails
   828 | D:1      | Engulfed by a cloud of flame

Illustrated notes

Levels and vault maps discovered:
D:1:      matt_arrival_refuge, layout_rooms,
          hellmonk_ecumenical_altar_arch_garden, kennysheep_crisscross,
          chequers_serial_rivers_large_a

Skill      XL: |  1  2 |
---------------+-------+-----
Maces & Flails | 4 |  4.0
Fighting       | |  3.9
Dodging        | |  3.5
Stealth        | |  1.7

Action                   || total
-------------------------++-------
Melee: Mace              ||    26
       Headbutt          ||     4
  Use: Scroll            ||     2
 Stab: Sleeping          ||     1
Armor: Robe              ||     3
Dodge: Dodged            ||    28
